 Dungeon Crawl Stone Soup version 0.32-a0-986-ga09f62fbf4 (webtiles) character file.

Game seed: 1063833850637007773

7893 dialectric the Mimic (level 11, -18/100 HPs)
             Began as a Troll Shapeshifter on Apr 22, 2024.
             Demolished by a boulder beetle (23 damage)
             ... on level 11 of the Dungeon.
             The game lasted 00:11:41 (7669 turns).

dialectric the Mimic (Troll Shapeshifter)           Turns: 7669, Time: 00:11:42

Health: -18/100    AC:  6    Str: 26    XL:     11   Next: 2%
Magic:  10/10      EV: 10    Int:  6    God:
Gold:   578        SH:  0    Dex: 11    Spells: 10/10 levels left

rFire   + . .        t - +6 shillelagh "Devastator" {shatter}
rCold   . . .        (no shield)
rNeg    . . .        g - +2 robe {rF+}
rPois   +            (helmet currently unavailable)
rElec   .            (cloak currently unavailable)
rCorr   .            (gloves unavailable)
SInv    .            (boots unavailable)
Will    +....        (no amulet)
Stlth   +            E - ring of willpower
HPRegen 1.16/turn    I - ring of poison resistance
MPRegen 0.12/turn

%: no passive effects
@: beast-form
A: beast (slay +4), large, unfitting armour, claws 3, regeneration 1, shaggy fur
1, tough skin 1
a: Begin Untransformation


You were on level 11 of the Dungeon.
You were a hulking beast.
You visited 1 branch of the dungeon, and saw 11 of its levels.

You collected 652 gold pieces.
You spent 74 gold pieces at shops.

Inventory:

Hand Weapons
 t - the +6 shillelagh "Devastator" (weapon) {shatter}
   (You found it on level 4 of the Dungeon)
Missiles
 F - 3 silver javelins (quivered)
 G - a throwing net
Armour
 g - a +2 robe of fire resistance (worn)
 r - the +1 robe of Elyvilon, Grinning {Harm rN+}
   (You found it on level 4 of the Dungeon)

   rN+:       It protects you from negative energy.
   Harm:      It increases damage dealt and taken.
 u - a +0 tower shield
 z - a +1 cloak
Jewellery
 s - a ring of ice
 C - a ring of fire
 E - a ring of willpower (left claw)
 H - a ring of magical power
 I - a ring of poison resistance (right claw)
 J - a ring of resist corrosion
Talismans
 c - a beast talisman (active)
 d - a flux talisman
Wands
 q - a wand of charming (6)
 L - a wand of warping (7)
Scrolls
 e - 3 scrolls of poison {unknown}
 f - 2 scrolls of butterflies
 h - 3 scrolls of teleportation
 p - 5 scrolls of fear
 w - a scroll of blinking {unknown}
 y - a scroll of revelation {unknown}
 B - a scroll of acquirement {unknown}
 D - a scroll of fog {unknown}
Potions
 b - 5 potions of curing
 i - 3 potions of enlightenment
 j - a potion of mutation {unknown}
 k - a potion of heal wounds {unknown}
 l - 2 potions of berserk rage {unknown}
 m - 2 potions of attraction {unknown}
 n - 3 potions of might
 v - 3 potions of resistance
 x - a potion of magic {unknown}
 A - 2 potions of haste {unknown}
 M - a potion of lignification


   Skills:
 + Level 4.2 Fighting
 * Level 6.8 Maces & Flails
 - Level 4.1 Armour
 + Level 6.3 Dodging
 + Level 7.8 Unarmed Combat
 * Level 8.6 Shapeshifting


You had 10 spell levels left.
You didn't know any spells.
Your spell library contained the following spells:

 Spells                   Type           Power      Damage    Failure   Level
 Static Discharge         Conj/Air       0%         3-3/arc   58%         2
 Dazzling Flash           Conj/Hex       0%         N/A       83%         3
 Sigil of Binding         Hex            0%         N/A       83%         3
 Airstrike                Air            0%         2d(0-16)  99%         4
 Anguish                  Hex/Necr       0%         N/A       99%         4
 Cause Fear               Hex            0%         N/A       99%         4
 Summon Lightning Spire   Summ/Air       0%         N/A       99%         4
 Summon Forest            Summ/Tloc      0%         N/A       100%        5
 Summon Mana Viper        Hex/Summ       0%         N/A       100%        5
 Starburst                Conj/Fire      0%         6d3       100%        6
 Summon Cactus Giant      Summ           0%         N/A       100%        6
 Enfeeble                 Hex            0%         N/A       100%        7
 Fulsome Fusillade        Conj/Alch      0%         (3-5)d4   100%        8


Dungeon Overview and Level Annotations

Branches:
Dungeon (11/15)            Temple (0/1) D:4            Lair (0/5) D:8
    Orc: D:9-12

Altars:
Ashenzari
Hepliaklqana
Nemelex Xobeh
Vehumet
Zin

Shops:
D:8 [

Annotations:
D:8 3 runed translucent doors, wally255's ghost, novice TrFi
D:10 3 runed translucent doors, terelglass's ghost, journeyman DrCA


Innate Abilities, Weirdness & Mutations

You are a hulking beast.
Your limbs bulge with bestial killing power. (Slay +4)
You are too large for most types of armour.
You have claws for hands.
Your natural rate of healing is unusually fast.
You are covered in fur. (AC +1)
You have tough skin. (AC +1)


Message History

Press: ? - help, Q - select action, (/) - cycle Shift-Dir - straight line, f/p - boulder beetle
Aim: a boulder beetle (severely wounded, 90% to hit)
You throw a silver javelin.
The silver javelin pierces through the boulder beetle!
The boulder beetle is almost dead.
The boulder beetle curls into a ball and begins rolling!
Throw: 4 javelins (silver)
Press: ? - help, Q - select action, (/) - cycle Shift-Dir - straight line, f/p - boulder beetle
Aim: a boulder beetle (almost dead, rolling, 90% to hit)
You throw a silver javelin.
The silver javelin pierces through the boulder beetle but does no damage.
The boulder beetle is almost dead.
The boulder beetle hits you!!
The boulder beetle stops rolling and uncurls.
You hit the boulder beetle.
The boulder beetle shudders.
The boulder beetle is almost dead.
The boulder beetle leaps!
The boulder beetle curls into a ball and begins rolling!
Unknown command.
Unknown command.
You hit the boulder beetle but do no damage.
The boulder beetle is almost dead.
The boulder beetle hits you!!
* * * LOW HITPOINT WARNING * * *
The boulder beetle stops rolling and uncurls.
You hit the boulder beetle but do no damage.
The boulder beetle is almost dead.
The boulder beetle bites you!
* * * LOW HITPOINT WARNING * * *
You hit the boulder beetle but do no damage.
The boulder beetle is almost dead.
The boulder beetle bites you.
* * * LOW HITPOINT WARNING * * *
You sock the boulder beetle!
The boulder beetle shudders.
The boulder beetle is almost dead.
The boulder beetle barely misses you.
You hit the boulder beetle but do no damage.
The boulder beetle is almost dead.
The boulder beetle bites you!!
You die...

### ###########
#..########..........
#....................
#####.$...............#+#
......................#..
.................######..
####.............# .....
#.......####### ......
#..$.h..# ......
#.(..B..# ......
+.......# ####..
#.......# #.. #......(#
#.. #....(... #.....##+#
#.....#


You could see a boulder beetle.

Vanquished Creatures
  The ghost of Rudyous the Destroyer, a novice HuCj (D:7)
  A manticore (D:11)
  An elephant (D:8)
  A troll (D:10)
  A hornet (D:5)
  Grinder (D:3)
  Sigmund (D:2)
  A wyvern (D:10)
  2 wraiths
  11 yaks
  2 steam dragons
  2 basilisks (D:8)
  An acid dragon (D:9)
  2 water moccasins (D:8)
  An orc warrior (D:6)
  A sky beast (D:7)
  2 black bears
  2 ice beasts
  An ogre (D:4)
  A centaur (D:7)
  A phantom (D:5)
  3 kobold brigands
  Blork the orc (D:4)
  A bullfrog (D:7)
  2 gnoll sergeants
  3 scorpions (D:5)
  8 wights
  4 killer bees (D:9)
  An electric eel (D:9)
  4 bombardier beetles
  4 orc priests
  A gnoll bouda (D:8)
  2 hounds
  3 jellies
  2 iguanas
  3 orc wizards
  A sleepcap (D:8)
  Robin (D:4)
  11 gnolls
  9 adders
  A shadow imp (D:5)
  A white imp (D:5)
  2 dart slugs
  3 ribbon worms
  24 orcs
  8 bats
  6 endoplasms
  3 giant cockroaches
  13 goblins
  4 hobgoblins
  2 jackals (D:1)
  25 kobolds
  3 quokkas
  4 ball pythons
  8 frilled lizards
  2 rats
210 creatures vanquished.

Vanquished Creatures (collateral kills)
  A black bear (D:4)
  2 gnolls (D:4)
3 creatures vanquished.

Vanquished Creatures (others)
  2 ogres (D:4)
2 creatures vanquished.

Grand Total: 215 creatures vanquished

Notes
Turn   | Place    | Note
-------+----------+-------------------------------------------
     0 | D:1      | dialectric the Troll Shapeshifter began the quest for the
                  | Orb.
     0 | D:1      | Reached XP level 1. HP: 18/18 MP: 0/0
    70 | D:1      | Reached skill level 1 in Fighting
   103 | D:1      | Reached XP level 2. HP: 27/27 MP: 1/1
   466 | D:1      | Reached XP level 3. HP: 33/33 MP: 2/2
   845 | D:2      | Noticed Sigmund
   859 | D:2      | Killed Sigmund
   860 | D:2      | Reached XP level 4. HP: 42/42 MP: 3/3
   860 | D:2      | Reached XP level 5. HP: 49/49 MP: 4/4
  1267 | D:2      | Reached skill level 4 in Shapeshifting
  1579 | D:3      | Noticed Grinder
  1588 | D:3      | Killed Grinder
  1589 | D:3      | Reached XP level 6. HP: 31/59 MP: 5/5
  1748 | D:3      | Found a glowing silver altar of Zin.
  1969 | D:3      | Reached XP level 7. HP: 40/67 MP: 6/6
  2082 | D:3      | You fall into a shaft and drop 2 floors!
  2082 | D:5      | Entered Level 5 of the Dungeon
  2150 | D:4      | Found a hazy altar of Hepliaklqana.
  2153 | D:4      | Identified the +1 robe of Elyvilon, Grinning {Harm rN+}
  2168 | D:4      | Noticed Blork the orc
  2183 | D:4      | Reached skill level 5 in Unarmed Combat
  2208 | D:4      | Killed Blork the orc
  2385 | D:4      | Noticed Robin
  2411 | D:4      | Killed Robin
  2448 | D:4      | Found a staircase to the Ecumenical Temple.
  2467 | D:4      | Found a sparkling altar of Nemelex Xobeh.
  2539 | D:4      | Reached skill level 5 in Shapeshifting
  2574 | D:4      | Found the +6 shillelagh "Devastator" {shatter}
  2735 | D:5      | Reached XP level 8. HP: 78/78 MP: 7/7
  2776 | D:5      | Noticed a hornet
  3280 | D:5      | Reached skill level 1 in Maces & Flails
  3349 | D:5      | Paralysed by a hornet for 1 turns
  3352 | D:5      | Killed a hornet
  3353 | D:5      | Reached skill level 1 in Armour
  4081 | D:6      | Found a broken altar of Ashenzari.
  4110 | D:6      | Reached skill level 6 in Shapeshifting
  4110 | D:6      | Reached XP level 9. HP: 84/84 MP: 8/8
  4209 | D:6      | Reached skill level 5 in Dodging
  4302 | D:6      | Identified the +1 dagger of Disharmony {elec, Str+3}
  4651 | D:7      | Found a runed translucent door.
  4675 | D:7      | Noticed Rudyous's ghost (novice HuCj)
  4953 | D:7      | Found a radiant altar of Vehumet.
  5143 | D:8      | Noticed wally255's ghost (novice TrFi)
  5143 | D:8      | Noticed a spectral unseen horror
  5148 | D:8      | Noticed an elephant
  5172 | D:8      | Killed an elephant
  5173 | D:8      | Reached skill level 7 in Shapeshifting
  5219 | D:8      | Found a staircase to the Lair.
  5331 | D:8      | Reached skill level 5 in Maces & Flails
  5383 | D:8      | Reached XP level 10. HP: 92/92 MP: 9/9
  5383 | D:8      | Found Kevvuewn's Antique Armour Shop.
  5403 | D:8      | Bought a runed robe for 74 gold pieces
  5713 | D:8      | Found a runed translucent gate.
  5713 | D:8      | Found a runed translucent gate.
  5713 | D:8      | Found a runed translucent gate.
  6456 | D:9      | Reached skill level 8 in Shapeshifting
  6651 | D:10     | Entered Level 10 of the Dungeon
  6800 | D:10     | Noticed terelglass's ghost (journeyman DrCA)
  6924 | D:10     | Found a runed translucent gate.
  6925 | D:10     | Found a runed translucent gate.
  6925 | D:10     | Found a runed translucent gate.
  7317 | D:7      | Killed Rudyous's ghost
  7539 | D:11     | Noticed a manticore
  7550 | D:11     | Killed a manticore
  7551 | D:11     | Reached XP level 11. HP: 32/100 MP: 10/10
  7641 | D:11     | Noticed a boulder beetle
  7667 | D:11     | HP: 3/100 [boulder beetle (4)]
  7669 | D:11     | Demolished by a boulder beetle

Illustrated notes

Levels and vault maps discovered:
D:1:      dpeg_arrival_long_road, layout_loops_ring, kennysheep_flooded_box,
          glass_columns_b, serial_bayou_lagoon_a
D:2:      layout_loops_ring, uniq_sigmund
D:3:      layout_basic, mainiacjoe_overflow_six_doors_small, uniq_grinder
D:4:      layout_basic, mainiacjoe_overflow_cross_hatched,
          amcnicky_altar_gilded, minmay_temple_entry_glassed_door,
          dilly_guarded_unrand_devastator, uniq_robin, uniq_blork_the_orc
D:5:      layout_basic, minmay_chambers_of_fives
D:6:      layout_rooms, cheibrodos_ashenzari_chains, minmay_lizard_king
D:7:      layout_rooms, kennysheep_mini, ebering_ghost_reflecting_pool
D:8:      layout_basic, david_lair_generic, serial_shops, shop,
          gammafunk_ghost_necromancy
D:9:      layout_basic, interstate_on_off
D:10:     layout_gridville, gammafunk_ghost_icy
D:11:     gammafunk_worm_tunnel, layout_irregular_city, minmay_parallelograms

Skill      XL: |  1  2  3  4  5  6  7  8  9 10 |
---------------+-------------------------------+-----
Fighting       | 1 2 3 4 |  4.2
Dodging        | 2 3 4 5 6 |  6.3
Unarmed Combat | 4 5 6 7 |  7.8
Shapeshifting  | 4 5 6 7 8 |  8.6
Maces & Flails | 3 5 6 |  6.8
Armour         | 1 3 4 |  4.1

Action                     |  1- 3 |  4- 6 |  7- 9 | 10-12 || total
---------------------------+-------+-------+-------+-------++-------
  Melee: Unarmed           |    66 |    71 |    75 |       ||   212
         Punch             |     2 |     4 |     2 |       ||     8
         Shillelagh        |       |       |   130 |   115 ||   245
  Throw: Javelin           |       |       |       |     9 ||     9
  Evoke: Wand              |       |       |     7 |       ||     7
    Use: Potion            |     1 |       |       |       ||     1
         Scroll            |       |       |     7 |     1 ||     8
 Armour: Animal skin       |    32 |    52 |   201 |    10 ||   295
         Skin              |     6 |       |       |       ||     6
         Robe              |       |       |       |   119 ||   119
  Dodge: Dodged            |    26 |    32 |   121 |    80 ||   259

Table legend: (Time is in decaauts)
 A = Elapsed time spent in this place.
 B = Non-inter-level travel time spent in this place.
 C = Inter-level travel time spent in this place.
 D = Time resting spent in this place.
 E = Time spent auto-exploring this place.
 F = Levels seen in this place.
 G = Mean time per level.
                   A        B        C        D        E       F      G
               +--------+--------+--------+--------+--------+-----+--------+
         Total |   7708 |   7193 |    515 |    221 |   5288 |  11 |  700.7 |
       Dungeon |   7708 |   7193 |    515 |    221 |   5288 |  11 |  700.7 |
               +--------+--------+--------+--------+--------+-----+--------+

Top non-repeatable levels by time:
     D:8: 1011 daAuts
     D:5: 1005 daAuts
     D:1: 831 daAuts
     D:4: 817 daAuts
     D:9: 787 daAuts
     D:3: 735 daAuts
     D:7: 679 daAuts
     D:2: 654 daAuts
    D:10: 608 daAuts
     D:6: 443 daAuts
    D:11: 133 daAuts
